 Dungeon Crawl Stone Soup version 0.19.5 (webtiles) character file.

5 tidbits the Skirmisher (level 1, 5/17 HPs)
             Began as a High Elf Wanderer on Oct 28, 2017.
             Quit the game on level 3 of the Dungeon.
             The game lasted 00:01:50 (255 turns).

tidbits the Skirmisher (High Elf Wanderer)           Turns: 255, Time: 00:01:51

Health: 5/17       AC:  3    Str: 10    XL:     1   Next: 66%
Magic:  2/2        EV: 11    Int: 18    God:
Gold:   17         SH:  0    Dex: 12    Spells: 0 memorised, 0 levels left

rFire  . . .     SeeInvis .     a - +0 short sword
rCold  . . .     Gourm    .     c - +0 leather armour
rNeg   . . .     Faith    .     (no shield)
rPois  .         Spirit   .     (no helmet)
rElec  .         Reflect  .     (no cloak)
rCorr  .         Harm     .     (no gloves)
MR     .....                    (no boots)
Stlth  ++........               (no amulet)
                                (no ring)
                                (no ring)

@: no status effects
A: no striking features
a: no special abilities


You were on level 3 of the Dungeon.
You were not hungry.

You visited 1 branch of the dungeon, and saw 4 of its levels.

You collected 17 gold pieces.

Inventory:

Hand Weapons
 a - a +0 short sword (weapon)
 b - a +0 dagger
 i - a +0 hunting sling
   (You found it on level 3 of the Dungeon)
Missiles
 g - 3 needles of paralysis
 n - 4 throwing nets (quivered) {!f}
Armour
 c - a +0 leather armour (worn)
Scrolls
 e - a scroll of recharging {unknown}
 h - a scroll of identify {unknown}
 j - a scroll of noise {unknown}
Potions
 d - a potion of lignification
Comestibles
 f - a bread ration


   Skills:
 + Level 4.1 Fighting
 - Level 1.2 Short Blades
 - Level 1.0 Throwing
 + Level 1.7 Dodging
 - Level 3.2 Stealth


You couldn't memorise any spells.
You didn't know any spells.

Dungeon Overview and Level Annotations

Branches:
Dungeon (4/15)
 Temple: D:4-7

Altars:

Annotations:
D:2 Natasha; Robin
D:4 tidbits's ghost, amateur HEWn


Message History

There is a stone staircase leading down here.
You climb downwards.
You hear the sound of rushing water.
There is an entrance to a sewer on this level.
Hurry and find it before the portal rusts away!
There is a stone staircase leading up here.
Found a stone staircase leading down.
Found a robe.
Found a robe.
Found 3 needles of paralysis and a chain mail.
You see here 3 needles of paralysis.
g - 3 needles of paralysis You open the door.
There is an open door here.
HP restored.
You hear the slow rusting of a distant drain.
A bat comes into view.
Found a mace.
The bat hits you but does no damage. The bat hits you but does no damage. x2
You hit the bat but do no damage. The bat hits you. The bat misses you.
You barely miss the bat. The bat hits you. The bat misses you.
You closely miss the bat. The bat closely misses you.
You barely miss the bat. The bat hits you but does no damage.
The bat barely misses you. x2
You hit the bat.
The bat is moderately wounded.
The bat barely misses you. The bat hits you but does no damage.
The bat barely misses you.
Your leather armour prevents you from hitting the bat.
The bat is moderately wounded.
The bat hits you but does no damage. The bat hits you.
You open the door. The bat barely misses you. The bat closely misses you.
There is an open door here.
You barely miss the bat.
The bat is moderately wounded.
The bat barely misses you. The bat misses you.
You hit the bat.
You kill the bat!
Found 11 gold pieces.
Found a scroll labeled ANLUHO FOECOQ.
Found a stone staircase leading down.
You now have 17 gold pieces (gained 11).
You see here a hunting sling.
You hear the slow rusting of a distant drain.
h - a scroll labeled ANLUHO FOECOQ You see here a hunting sling.
i - a hunting sling You open the door.
There is an open door here.
There is an open door here.
There is a stone staircase leading down here.
You climb downwards.
Found a scroll labeled CIM TAPSINULU.
There is a stone staircase leading up here.
j - a scroll labeled CIM TAPSINULU A worm comes into view.
A worm comes into view.
Found an escape hatch in the ceiling and an escape hatch in the floor.
Tidbits's ghost (amateur High Elf Wanderer) comes into view.
Found 24 stones and 20 gold pieces.
Tidbits's ghost turns its malevolent gaze towards you.
Found a stone staircase leading down.
Found 11 gold pieces and 24 stones.
Found a stone staircase leading up.
There is an escape hatch in the ceiling here.
Tidbits's ghost barely misses you. A mysterious force pulls you upwards.
The hatch slams shut behind you.
You hear the sound of rushing water.
There is an entrance to a sewer on this level.
Hurry and find it before the portal rusts away!
You hear the slow rusting of a very distant drain.
Found a stone staircase leading up.
There is a stone staircase leading up here.
You climb upwards.
Level annotation: Natasha A bat, 6 goblins and Robin come into view.
The goblin shouts!
Robin shouts!
The goblin shouts! x2; You hear a shout!
The goblin shouts!
You hear a shout! x4
Robin roars a battlecry!
The goblins go into a battle-frenzy! 2 goblins and a hobgoblin come into view.
There is a stone staircase leading down here.
The goblin hits you with a club. The bat closely misses you.
You climb downwards.
You hear the sound of rushing water.
There is an entrance to a sewer on this level.
Hurry and find it before the portal rusts away!
There is a stone staircase leading up here.
You hit the goblin but do no damage. The goblin hits you with a club!
* * * LOW HITPOINT WARNING * * *
You are too injured to fight recklessly!
You are too injured to fight recklessly!
You are too injured to fight recklessly!
You are too injured to fight recklessly!
You are too injured to fight recklessly!
You hit the goblin.
You kill the goblin!
You see here a club.
Are you sure you want to abandon this character and quit the game? (Confirm with "yes".)

###.###
#...#.....#.......
#...#
#...##############
#.### #..>. #.#
###### #.# #.#
#.#########
#.........#
#########@# #.#
#)# #<# ###


There were no monsters in sight!

Vanquished Creatures
  3 bats
  A goblin (D:3)
  2 rats (D:2)
6 creatures vanquished.

Notes
Turn   | Place    | Note
-------+----------+-------------------------------------------
     0 | D:1      | tidbits the High Elf Wanderer began the quest for the Orb.
     0 | D:1      | tidbits set off with: a +0 leather armour, 4 throwing nets {!f}, a +0 short sword, a potion of lignification, a +0 dagger, a bread ration
     0 | D:1      | Reached XP level 1. HP: 17/17 MP: 2/2
    67 | D:2      | Noticed Natasha
   224 | D:4      | Noticed tidbits's ghost (amateur HEWn)
   247 | D:2      | Noticed Robin
   255 | D:3      | Quit the game

Action                   || total
-------------------------++-------
Melee: Short sword       ||    19
 Stab: Sleeping          ||     2
Armor: Leather armour    ||     9
Dodge: Dodged            ||    19

Table legend:
 A = Turns spent in this place as a percentage of turns spent in the entire game.
 B = Non-inter-level travel turns spent in this place as a percentage of non-inter-level travel turns spent in the entire game.
 C = Inter-level travel turns spent in this place as a percentage of turns spent in this place.
 D = Turns resting spent in this place as a percentage of non-inter-level travel turns spent in this place.
 E = Turns spent auto-exploring this place as a percentage of non-inter-level travel turns spent in this place.
 F = Non-inter-level travel turns spent in this place divided by the number of levels of this place that you've seen.
                   A       B       C       D       E      F
               +-------+-------+-------+-------+-------+----------------------
         Total | 100.0 | 100.0 |   0.0 |   0.0 |   0.0 |  57.8
       Dungeon | 100.0 | 100.0 |   0.0 |   0.0 |   0.0 |  57.8
               +-------+-------+-------+-------+-------+----------------------

Table legend:
 A = Kills in this place as a percentage of kills in entire the game.
 B = Kills by you in this place as a percentage of kills by you in the entire game.
 C = Kills by friends in this place as a percentage of kills by friends in the entire game.
 D = Other kills in this place as a percentage of other kills in the entire game.
 E = Experience gained in this place as a percentage of experience gained in the entire game.
 F = Experience gained in this place divided by the number of levels of this place that you have seen.
                   A       B       C       D       E      F
               +-------+-------+-------+-------+-------+----------------------
         Total | 100.0 | 100.0 |  -nan |  -nan | 100.0 |   2.0
       Dungeon | 100.0 | 100.0 |  -nan |  -nan | 100.0 |   2.0
               +-------+-------+-------+-------+-------+----------------------

Vault maps used:
D:1:      lemuel_arrival_lava_pool
D:2:      kiku_gazebo_garden_becter, uniq_robin, uniq_natasha, uniq_terence
D:3:      portal_sewer_entry_a, first_bread
D:4:      doesnt_xom_only_xom, uniq_grinder
